 Dungeon Crawl Stone Soup version 0.28-a0-1412-gf95308ed99 (webtiles) character file.

Game seed: 11690373074887970347

0 Cheeritup the Caller (level 1, -1/10 HPs)
             Began as a Tengu Summoner on Jan 7, 2022.
             Slain by a goblin (3 damage)
             ... on level 1 of the Dungeon.
             The game lasted 00:00:20 (36 turns).

Cheeritup the Caller (Tengu Summoner)                 Turns: 36, Time: 00:00:21

Health: -1/10      AC:  2    Str:  8    XL:     1   Next: 10%
Magic:  2/4        EV:  9    Int: 15    God:
Gold:   0          SH:  0    Dex: 14    Spells: 3/4 levels left

rFire   . . .      SeeInvis .   b - +0 club
rCold   . . .      Faith    .   (no shield)
rNeg    . . .      Spirit   .   a - +0 robe
rPois   .          Reflect  .   (helmet restricted)
rElec   .          Harm     .   (no cloak)
rCorr   .          Rampage  .   (no gloves)
Will    .....                   (boots unavailable)
Stlth   ++........              (no amulet)
HPRegen 0.03/turn               (no ring)
MPRegen 0.09/turn               (no ring)

@: constricted
A: beak, talons 3
a: no special abilities


You were on level 1 of the Dungeon.
You visited 1 branch of the dungeon, and saw 1 of its levels.

Inventory:

Hand Weapons
 b - a +0 club (weapon)
Armour
 a - a +0 robe (worn)
Scrolls
 c - a scroll of identify {unknown}


   Skills:
 - Level 2.1 Dodging
 - Level 2.0 Stealth
 - Level 2.0 Spellcasting
 + Level 4.8 Summonings


You had 3 spell levels left.
You knew the following spells:

 Your Spells              Type           Power      Damage    Failure   Level
a - Summon Small Mammal   Summ           64%        N/A       3%          1

Your spell library contained the following spells:

 Spells                   Type           Power      Damage    Failure   Level
 Call Imp                 Summ           16%        N/A       4%          2
 Call Canine Familiar     Summ           16%        N/A       9%          3
 Summon Guardian Golem    Hex/Summ       8%         N/A       24%         3
 Summon Lightning Spire   Summ/Air       8%         N/A       63%         4


Dungeon Overview and Level Annotations

Branches:
Dungeon (1/15)

Altars:


Innate Abilities, Weirdness & Mutations

You have a beak for a mouth.
You have claws for feet.


Message History

A kobold comes into view. It is wielding a +0 dagger.
A ball python comes into view.
You see here a scroll labelled PAEGIF EPLOFIEKK.
c - a scroll labelled PAEGIF EPLOFIEKK The ball python hisses angrily.
The goblin barely misses you.
You miss the goblin. Your peck misses the goblin. The goblin barely misses you.
The kobold hits you with a +0 dagger. The goblin barely misses your rat.
Your rat barely misses the goblin.
The goblin closely misses your rat. The kobold misses you.
Your rat bites the goblin but does no damage.
You hit the kobold. You claw the kobold.
You kill the kobold!
Your bat closely misses the ball python.
The goblin hits your rat with a +0 dagger of protection.
Your rat dies!
Your rat's corpse disappears in a puff of smoke!
The ball python barely misses you. x2
You hit the ball python.
You peck the ball python, but do no damage.
The ball python is moderately wounded.
Your bat completely misses the ball python.
The ball python bites you but does no damage.
The ball python grabs you. The ball python constricts you.
The goblin hits you with a +0 dagger of protection.
* * * LOW HITPOINT WARNING * * *
You escape the ball python's grasp.
Your bat hits the ball python. You closely miss the ball python.
The ball python is severely wounded.
Your bat hits the goblin but does no damage.
The goblin barely misses you. The ball python misses you.
The ball python grabs you. The ball python constricts you.
* * * LOW HITPOINT WARNING * * *
There are monsters nearby!
You closely miss the ball python. Your kick misses the ball python.
The ball python is severely wounded.
Your bat closely misses the goblin.
Your bat barely misses the goblin.
The ball python barely misses you. The ball python constricts you.
The goblin hits you with a +0 dagger of protection.
You die...

#.# #.###.... #.#
#.≈≈≈≈≈≈≈ #.#
##≈≈≈≈≈≈≈≈
####.###≈≈≈≈≈≈≈≈≈
#......≈≈≈8≈≈≈≈≈≈
#.####.≈≈≈≈≈≈≈≈≈≈
##.# #.≈≈≈≈...≈≈≈
#..# ##.≈≈.≈≈≈.≈≈
#@#### #≈..≈≈≈≈.>≈
#Sg..###≈≈≈≈≈≈≈<.≈
#.b)...#≈≈≈≈≈≈≈≈.≈
#.........#≈≈≈≈≈≈≈≈≈.
##.##.##.##≈≈≈≈≈≈≈≈≈≈
#..#...#..#≈≈≈8≈≈≈≈≈≈
##.........#≈≈≈≈≈≈≈≈≈
#..#(..#.....≈≈≈≈≈≈≈≈
##.##.##.#####≈≈≈≈≈≈≈


You could see a goblin (ally target), a ball python and a friendly bat
(summoned).

Vanquished Creatures
  A kobold (D:1)
1 creature vanquished.

Notes
Turn   | Place    | Note
-------+----------+-------------------------------------------
     0 | D:1      | Cheeritup the Tengu Summoner began the quest for the Orb.
     0 | D:1      | Reached XP level 1. HP: 10/10 MP: 4/4
    36 | D:1      | Slain by a goblin

Illustrated notes

Levels and vault maps discovered:
D:1:      nzn_arrival_water_spiral, layout_loops_ring, serial_shops,
          nicolae_shop_stone, shapermc_ecumenical_altar_notcrosses,
          kennysheep_pointless_box, minmay_tromino_v4_b

Action                   || total
-------------------------++-------
Melee: Club              ||     5
       Kick              ||     1
       Peck              ||     1
 Cast: Summon Small Mamm ||     2
Armor: Robe              ||     1
Dodge: Dodged            ||     8

Table legend: (Time is in decaauts)
 A = Elapsed time spent in this place.
 B = Non-inter-level travel time spent in this place.
 C = Inter-level travel time spent in this place.
 D = Time resting spent in this place.
 E = Time spent auto-exploring this place.
 F = Levels seen in this place.
 G = Mean time per level.
                   A        B        C        D        E       F      G
               +--------+--------+--------+--------+--------+-----+--------+
         Total |     36 |     36 |      0 |      0 |     19 |   1 |   36.0 |
       Dungeon |     36 |     36 |      0 |      0 |     19 |   1 |   36.0 |
               +--------+--------+--------+--------+--------+-----+--------+

Top non-repeatable levels by time:
     D:1: 36 daAuts
